 Dungeon Crawl Stone Soup version 0.31-a0-210-gccc998df9b (webtiles) character file.

Game seed: 2466845675070429267

38 qw the Shooter (level 3, -8/29 HPs)
             Began as a Minotaur Hexslinger on June 29, 2023.
             Mangled by Terence
             ... wielding a +0 flail
              (11 damage)
             ... on level 2 of the Dungeon.
             The game lasted 00:00:19 (916 turns).

qw the Shooter (Minotaur Hexslinger)                 Turns: 916, Time: 00:00:19

Health: -8/29      AC:  2    Str: 12    XL:     3   Next: 25%
Magic:  3/3        EV: 12    Int: 10    God:
Gold:   31         SH:  0    Dex: 14    Spells: 3/4 levels left

rFire   . . .        Y - +1 sling
rCold   . . .        (no shield)
rNeg    . . .        c - +0 robe
rPois   .            (helmet restricted)
rElec   .            (no cloak)
rCorr   .            (no gloves)
SInv    .            (no boots)
Will    .....        (no amulet)
Stlth   +            (no ring)
HPRegen 0.24/turn    (no ring)
MPRegen 0.08/turn

%: no passive effects
@: no status effects
A: horns 2, retaliatory headbutt
a: no special abilities


You were on level 2 of the Dungeon.
You visited 1 branch of the dungeon, and saw 2 of its levels.

You collected 31 gold pieces.


Innate Abilities, Weirdness & Mutations

You have a pair of horns on your head.
You reflexively headbutt those who attack you in melee.


   Skills:
 - Level 2.0 Fighting
 + Level 3.8 Ranged Weapons
 - Level 2.1 Dodging
 - Level 1.0 Spellcasting
 - Level 2.0 Hexes


You had 3 spell levels left.
You knew the following spells:

 Your Spells              Type           Power      Damage    Failure   Level
a - Slow                  Hex            16%        N/A       16%         1

Your spell library contained the following spells:

 Spells                   Type           Power      Damage    Failure   Level
 Inner Flame              Hex/Fire       2%         N/A       56%         3
 Portal Projectile        Hex/Tloc       4%         N/A       56%         3
 Cause Fear               Hex            2%         N/A       83%         4

Inventory:

Hand Weapons
 Y - a +1 sling (weapon)
Armour
 c - a +0 robe (worn)
Potions
 d - a potion of curing {unknown}
 e - a potion of invisibility {unknown}
 g - a potion of degeneration {unknown}
 i - a potion of heal wounds {unknown}

Dungeon Overview and Level Annotations

Branches:
Dungeon (2/15)

Altars:

Annotations:
D:2 Terence


Message History

The kobold throws a stone.
The stone completely misses you.
Terence bares his teeth.
The kobold throws a stone.
The stone barely misses you.
You shoot a sling bullet. The sling bullet hits the kobold.
The kobold is moderately wounded.
You shoot a sling bullet.
The sling bullet hits the kobold but does no damage.
The kobold is moderately wounded.
You shoot a sling bullet. The sling bullet hits the kobold.
You kill the kobold!
You shoot a sling bullet.
The sling bullet hits Terence but does no damage.
Terence barely misses you. You furiously retaliate!
You headbutt Terence. You shoot a sling bullet.
The sling bullet hits Terence but does no damage.
Terence is lightly wounded.
Terence hits you with a +0 flail. Terence hits you with a +0 flail!
You shoot a sling bullet. The sling bullet hits Terence.
Terence is moderately wounded.
Terence completely misses you.
You shoot a sling bullet.
The sling bullet hits Terence but does no damage.
Terence is moderately wounded.
Terence closely misses you. You furiously retaliate!
You headbutt Terence, but do no damage. You shoot a sling bullet.
The sling bullet hits Terence but does no damage.
Terence is moderately wounded.
Terence hits you with a +0 flail!
You shoot a sling bullet. The sling bullet hits Terence.
Terence is heavily wounded.
Terence closely misses you.
You shoot a sling bullet.
The sling bullet hits Terence but does no damage.
Terence is heavily wounded.
Terence closely misses you. Terence hits you with a +0 flail.
You shoot a sling bullet.
The sling bullet closely misses Terence.
Terence hits you with a +0 flail!
You die...

###%##.###
#...##.#.#
#.######.#
#........#
####..####
#..# #..#
#..# #@.#
#.@.##
#.#.#
...#.# $.#
#.# #..
#.# #. #)#
. #.#


You could see Terence.

Vanquished Creatures
  An adder (D:2)
  2 bats (D:1)
  2 endoplasms
  A giant cockroach (D:1)
  4 goblins (D:1)
  3 hobgoblins (D:1)
  7 kobolds
  A quokka (D:1)
  2 ball pythons (D:1)
  2 frilled lizards (D:1)
  2 rats (D:1)
27 creatures vanquished.

Notes
Turn   | Place    | Note
-------+----------+-------------------------------------------
     0 | D:1      | qw the Minotaur Hexslinger began the quest for the Orb.
     0 | D:1      | Reached XP level 1. HP: 16/16 MP: 1/1
     0 | D:1      | 0 ||| qw: Version: 0.3-a-24-ga2abf7b
     0 | D:1      | 0 ||| qw: Game counter: 6785
     0 | D:1      | 0 ||| qw: Melee chars always use a shield: true
     0 | D:1      | 0 ||| qw: God list: Okawaru
     0 | D:1      | 0 ||| qw: Allow faded altars: false
     0 | D:1      | 0 ||| qw: Do Orc after clearing Dungeon:15 true
     0 | D:1      | 0 ||| qw: Do second Lair branch before Depths: true
     0 | D:1      | 0 ||| qw: Lair rune preference: random
     0 | D:1      | 0 ||| qw: Goals: Normal
     0 | D:1      | 0 ||| PLANNING D:1-11
     6 | D:1      | Noticed a five-headed hydra
     6 | D:1      | Noticed a komodo dragon
     6 | D:1      | Noticed a black bear
     7 | D:1      | Noticed a swamp worm
   208 | D:1      | Reached skill level 3 in Ranged Weapons
   208 | D:1      | Reached XP level 2. HP: 23/23 MP: 2/2
   383 | D:1      | Found a faded altar of an unknown god.
   739 | D:1      | 739 ||| READING scroll labelled LEJIHY VUPRYA.
   744 | D:1      | 744 ||| READING scroll labelled ALUDIEC WIAWO.
   745 | D:1      | 745 ||| READING scroll labelled IMOEREGH QIKHU.
   746 | D:1      | 746 ||| DROPPING scroll of poison.
   852 | D:2      | Reached XP level 3. HP: 25/29 MP: 3/3
   904 | D:2      | Noticed Terence
   915 | D:2      | HP: 3/29 [Terence/+0 flail (6)]
   916 | D:2      | Mangled by Terence

Levels and vault maps discovered:
D:1:      onia_arrival_zoo_common, layout_loops_corners,
          hellmonk_ecumenical_altar_arch_garden
D:2:      layout_basic, bh_walls_and_bars, uniq_jessica, uniq_terence

Skill      XL: |  1  2 |
---------------+-------+-----
Ranged Weapons | 3 |  3.8
Fighting       | 2 |  2.0
Dodging        | |  2.1
Spellcasting   | |  1.0
Hexes          | |  2.0

Action                     || total
---------------------------++-------
   Fire: Sling             ||    72
    Use: Scroll            ||     3
 Armour: Robe              ||     2
  Dodge: Dodged            ||    21

Table legend:
 A = Non-vault XP
 B = Vault XP
 C = Vault XP percentage of total XP
 D = Non-vault monster count
 E = Vault monster count
 F = Vault count percentage of total count
                 A         B        C        D         E       F
            +---------+---------+-------+---------+---------+-------
      Total |      55 |       0 |   0.0 |      27 |       0 |   0.0
            +---------+---------+-------+---------+---------+-------
        D:1 |      37 |       0 |   0.0 |      24 |       0 |   0.0
        D:2 |      18 |       0 |   0.0 |       3 |       0 |   0.0
            +---------+---------+-------+---------+---------+-------
